 Dungeon Crawl Stone Soup version 0.29.1-13-g9f3cf754e1 (webtiles) character file.

Game seed: 3510550938979054446

348 112233 the Gusty (level 6, -13/28 HPs)
             Began as a Felid Air Elementalist on Jan 3, 2023.
             Was an Initiate of Gozag.
             Killed from afar by an electric eel (14 damage)
             ... with a bolt of electricity
             ... on level 6 of the Dungeon on Feb 9, 2023.
             The game lasted 00:14:35 (9219 turns).

112233 the Gusty (Felid Air Elementalist)           Turns: 9219, Time: 00:14:37

Health: -13/28     AC:  2    Str:  4    XL:     6   Next: 33%
Magic:  14/14      EV: 38    Int: 19    God:    Gozag
Gold:   421        SH:  0    Dex: 16    Spells: 5/15 levels left
                                        Lives:  0   Deaths: 2

rFire   . . .      SeeInvis +   (weapon unavailable)
rCold   . . .      Faith    .   (shield unavailable)
rNeg    + . .      Spirit   .   (body armour unavailable)
rPois   .          Reflect  .   (helmet unavailable)
rElec   .          Harm     .   (cloak unavailable)
rCorr   .          Rampage  .   (gloves unavailable)
Will    .....                   (boots unavailable)
Stlth   ++........              y - amulet of the acrobat
HPRegen 0.09/turn               w - ring of positive energy
MPRegen 0.14/turn               n - +4 ring of evasion

@: acrobatic, quick
A: very small, claws 1, fangs 3, see invisible, speed 1, shaggy fur 2, stealthy
paws, no weapons or thrown items, no armour, multi-lived
a: Renounce Religion, Potion Petition, Call Merchant, Bribe Branch


You were on level 6 of the Dungeon.
You worshipped Gozag.
Gozag was aware of your devotion.
You visited 1 branch of the dungeon, and saw 9 of its levels.

You collected 702 gold pieces.
You paid 281 gold pieces to Gozag.

Inventory:

Jewellery
 m - a +6 ring of strength
 n - a +4 ring of evasion (right paw)
 w - a ring of positive energy (left paw)
 y - an amulet of the acrobat (around neck)
Wands
 p - a wand of charming (3)
Scrolls
 b - 3 scrolls of torment
 d - 2 scrolls of enchant armour
 e - 3 scrolls of identify
 f - 2 scrolls of vulnerability {unknown}
 g - a scroll of immolation {unknown}
 h - 2 scrolls of fear
 i - a scroll of summoning {unknown}
 q - a scroll of poison {unknown}
 v - a scroll of enchant weapon {unknown}
 x - 3 scrolls of teleportation
 z - a scroll of noise {unknown}
Potions
 a - a potion of resistance {unknown}
 c - 2 potions of flight
 j - 2 potions of might
 k - 2 potions of mutation {unknown}
 l - a potion of berserk rage {unknown}
 o - a potion of degeneration {unknown}
 r - 3 potions of attraction {unknown}
 s - a potion of heal wounds {unknown}
 t - 2 potions of ambrosia {unknown}
 u - a potion of lignification


   Skills:
 + Level 3.2 Fighting
 + Level 5.3 Dodging
 - Level 2.6 Stealth
 * Level 5.0 Spellcasting
 - Level 0.8 Conjurations
 * Level 6.8 Air Magic


You had 5 spell levels left.
You knew the following spells:

 Your Spells              Type           Power      Damage    Failure   Level
a - Shock                 Conj/Air       76%        1d7       2%          1
b - Static Discharge      Conj/Air       19%        3-6/arc   3%          2
c - Airstrike             Air            15%        2d(3-19)  8%          4
d - Swiftness             Air            30%        N/A       2%          3

Your spell library contained the following spells:

 Spells                   Type           Power      Damage    Failure   Level
 Beastly Appendage        Tmut           8%         N/A       12%         1
 Wereblood                Tmut           4%         N/A       19%         2
 Spider Form              Tmut/Pois      4%         N/A       36%         3
 Haunt                    Necr/Summ      2%         N/A       100%        7
 Infestation              Necr           2%         N/A       100%        8
 Animate Dead             Necr           Unusable   N/A       N/A         4

Dungeon Overview and Level Annotations

Branches:
Dungeon (9/15)             Temple (0/1) D:5
   Lair: D:8-11         Orc: D:9-12

Altars:
Cheibriados
Dithmenos
Gozag
Qazlal
Ru
Trog
Uskayaw

Shops:
D:1 =

Annotations:
D:3 exclusion: downstairs
D:4 Eustachio
D:6 exclusion: downstairs
D:7 exclusion: 2 downstairs
D:8 1 exclusion


Innate Abilities, Weirdness & Mutations

You have sharp claws.
You have razor-sharp teeth.
You have supernaturally acute eyesight. (SInv)
You cover ground quickly. (Speed+)
You are covered in thick fur. (AC +2)
Your paws help you pounce on unaware monsters.
You are incapable of wielding weapons or throwing items.
You cannot wear armour.
You gain extra lives every three experience levels.


Message History

Unknown command.
The electric eel shoots out a bolt of lightning at you!
The bolt of electricity hits you!
* * * LOW HITPOINT WARNING * * *
Casting: Static Discharge (safe; 3% risk of failure)
Confirm with . or Enter, or press ? or * to list all spells.
The spell is quite dangerous to miscast (8% risk of failure)!
Continue anyway? [Y]es or [N]o only, please.
The spell is quite dangerous to miscast (8% risk of failure)!
Continue anyway?
Okay, then.
Casting: Airstrike (quite dangerous; 8% risk of failure)
Confirm with . or Enter, or press ? or * to list all spells.
You can't see any susceptible monsters within range! (Use Z to cast anyway.) Unknown command.
Casting: Airstrike (quite dangerous; 8% risk of failure)
Confirm with . or Enter, or press ? or * to list all spells.
The spell is quite dangerous to miscast (8% risk of failure)!
Continue anyway? [Y]es or [N]o only, please.
The spell is quite dangerous to miscast (8% risk of failure)!
Continue anyway?
Okay, then.
Casting: Airstrike (quite dangerous; 8% risk of failure)
Confirm with . or Enter, or press ? or * to list all spells.
The spell is quite dangerous to miscast (8% risk of failure)!
Continue anyway? [Y]es or [N]o only, please.
The spell is quite dangerous to miscast (8% risk of failure)!
Continue anyway?
Okay, then.
There are monsters nearby!
Unknown command.
Unknown command.
Unknown command.
You are too injured to fight recklessly!
Unknown command.
The electric eel shoots out a bolt of lightning at you!
The bolt of electricity hits you!
* * * LOW HITPOINT WARNING * * *
The electric eel shoots out a bolt of lightning at you!
The bolt of electricity hits you!
Ouch! That really hurt!
You die...
Your body crumbles into a pile of gold.

#.###....###.##
#........# #..
.........######
#.......<# #..
..###.#..'..~~##
####.###.# #.. ..#
#.##.#####~######.# #.#
##.. ..#
#.####SS≈##~~...### #.#
#...
..###.###≈S?≈≈######~##
#.# #.##
........#~??..##≈≈≈##~#
#.# #...
.########?~~P~#SS!≈≈#~#
#.# #..# ...#
#P...P#.@(S/#~# #.####..#
.#.######.....#~~...#~#
#.......# ........#
#~~.$P#~########..#
.#.######
#.....#.#..........
......#
..#####.....#.#.######..#
#####.#
#...~~##'..##.#.######..#
#.####
#~~.####~##.).......#
#.##.#
###..~~~##########.##
#.##.# ####### #.#


You could see 3 electric eels.

Vanquished Creatures
  Menkaure (D:6)
  A water moccasin (D:6)
  A sky beast (D:7)
  A centaur (D:6)
  An ogre (D:7)
  A phantom (D:5)
  A bullfrog (D:7)
  2 scorpions
  A killer bee (D:7)
  A howler monkey (D:7)
  A jelly (D:8)
  2 hounds (D:6)
  An orc priest (D:7)
  An iguana (D:5)
  2 orc wizards
  5 adders
  2 shadow imps (D:7)
  2 white imps
  An ufetubus (D:5)
  2 dart slugs (D:2)
  5 orcs
  8 ball pythons
  11 endoplasms
  2 giant cockroaches
  2 hobgoblins
  4 jackals (D:1)
  2 quokkas
  7 bats
  3 frilled lizards
  9 goblins
  6 kobolds
  7 rats
96 creatures vanquished.

Vanquished Creatures (others)
  A gnoll sergeant (D:6)
  6 plants
7 creatures vanquished.

Grand Total: 103 creatures vanquished

Notes
Turn   | Place    | Note
-------+----------+-------------------------------------------
     0 | D:1      | 112233 the Felid Air Elementalist began the quest for the
                  | Orb.
     0 | D:1      | Reached XP level 1. HP: 7/7 MP: 4/4
   132 | D:1      | Found a faded altar of an unknown god.
   183 | D:1      | Reached skill level 3 in Air Magic
   272 | D:1      | Reached XP level 2. HP: 11/11 MP: 3/6
   999 | D:1      | Found Baawn's Jewellery Shop.
  1359 | D:2      | Reached XP level 3. HP: 14/14 MP: 3/7
  1362 | D:2      | Learned a level 2 spell: Static Discharge
  1603 | D:2      | Reached skill level 4 in Air Magic
  1731 | D:2      | Learned a level 3 spell: Swiftness
  2578 | D:3      | Reached XP level 4. HP: 18/18 MP: 5/8
  3149 | D:3      | Found an opulent altar of Gozag.
  3161 | D:3      | Became a worshipper of Gozag Ym Sagoz the Greedy
  3266 | D:3      | Found a bloodstained altar of Trog.
  3432 | D:3      | Found a hide-covered altar of Uskayaw.
  3451 | D:3      | Found a stormy altar of Qazlal.
  3844 | D:4      | Noticed a phantom
  4035 | D:4      | Noticed Eustachio
  4367 | D:4      | Noticed a scorpion
  4382 | D:5      | Entered Level 5 of the Dungeon
  4383 | D:5      | Found a snail-covered altar of Cheibriados.
  4491 | D:5      | Noticed a phantom
  4663 | D:6      | Noticed a centaur
  4668 | D:6      | Killed a centaur
  4669 | D:6      | Reached skill level 5 in Air Magic
  4669 | D:6      | Reached XP level 5. HP: 4/21 MP: 4/9
  4969 | D:5      | Reached skill level 1 in Fighting
  5195 | D:6      | Identified the +3 pair of boots "Uturchib" {rN++}
  5269 | D:6      | Gained mutation: You are covered in thick fur. (AC +2)
                  | [Felid growth]
  5269 | D:6      | Reached XP level 6. HP: 16/25 MP: 6/11
  5358 | D:6      | Learned a level 4 spell: Airstrike
  5753 | D:7      | Found a sacrificial altar of Ru.
  5803 | D:7      | Noticed a water moccasin
  5945 | D:8      | Noticed a steam dragon
  5945 | D:8      | Noticed a steam dragon
  6117 | D:7      | Identified the +4 dagger of Baledogg {vorpal, Drain rPois
                  | Int+4}
  6196 | D:7      | Found a shadowy altar of Dithmenos.
  6326 | D:4      | Upgraded the game from 0.29.1-12-g30fa7ad0bf to
                  | 0.29.1-13-g9f3cf754e1
  6643 | D:5      | Found a staircase to the Ecumenical Temple.
  6914 | D:6      | Noticed Menkaure
  6930 | D:6      | Killed Menkaure
  6931 | D:6      | Reached XP level 7. HP: 12/30 MP: 1/13
  7302 | D:8      | Reached skill level 6 in Air Magic
  7916 | D:7      | Reached skill level 5 in Dodging
  7916 | D:7      | Reached XP level 8. HP: 27/34 MP: 1/15
  8731 | D:6      | Killed from afar by an electric eel
  8732 | D:6      | Reached XP level 7. HP: -3/31 MP: 4/15
  8753 | D:6      | Reached skill level 5 in Spellcasting
  9144 | D:6      | Noticed a deep elf pyromancer
  9150 | D:6      | HP: 1/31 [/static electricity (3)]
  9150 | D:6      | Incinerated by a deep elf pyromancer
  9151 | D:6      | Reached XP level 6. HP: -2/28 MP: 4/14
  9219 | D:6      | HP: 1/28 [electric eel/bolt of electricity (7)]
  9219 | D:6      | Killed from afar by an electric eel

Illustrated notes

Levels and vault maps discovered:
D:1:      dpeg_arrival_long_road, layout_loops_ring,
          ebering_ecumenical_altar_mist, serial_shops, shop
D:2:      layout_loops_ring
D:3:      layout_rooms, trog_butcher_becter, nicolae_overflow_crystal_walls,
          eat_drink_and_be_merry_uskayaw, grunt_qazlal_clouds,
          dreamdust_princess_corridor
D:4:      layout_rooms, uniq_eustachio
D:5:      layout_loops_ring, mainiacjoe_overflow_paths,
          minmay_temple_entry_large_hall, serial_bayou_pond_b,
          minmay_lizard_king, uniq_blork_the_orc
D:6:      cheibrodos_two_vegetables, layout_loops_ring, minivault_22,
          guppyfry_early_elven_hall, uniq_menkaure
D:7:      layout_basic, nicolae_ru_path_of_blood, kennysheep_mini_moat
D:8:      layout_loops_ring, fedhas_altar_4, serial_shops, shop_coins,
          minmay_strange_pillars
D:9:      layout_long_grid, grunt_lair_entry_orc_guard_hut,
          kennysheep_pointless_box, uniq_amaemon

Skill      XL: |  1  2  3  4  5  6  7  8 |
---------------+-------------------------+-----
Air Magic      | 3 4 5 6 |  6.8
Dodging        | 3 4 5 |  5.3
Fighting       | 1 2 3 |  3.2
Spellcasting   | 3 5 |  5.0
Stealth        | |  2.6
Conjurations   | |  0.8

Action                   |  1- 3 |  4- 6 |  7- 9 || total
-------------------------+-------+-------+-------++-------
Melee: Unarmed           |     6 |     2 |     5 ||    13
       Bite              |     1 |       |       ||     1
 Cast: Shock             |    88 |    82 |    19 ||   189
       Static Discharge  |     1 |    23 |    11 ||    35
       Airstrike         |       |     3 |    15 ||    18
       Swiftness         |       |       |     2 ||     2
Invok: Potion Petition   |       |     1 |       ||     1
Evoke: Wand              |       |       |     3 ||     3
  Use: Potion            |     2 |     7 |       ||     9
       Scroll            |       |     3 |     2 ||     5
 Stab: Sleeping          |       |     1 |       ||     1
Armor: Skin              |       |     2 |       ||     2
Dodge: Dodged            |    25 |    42 |    40 ||   107
